Unix NetHack Version 5.0.0-0 post-release - last build May 31 2026 13:37:37 (4f47d67043fb8e84071ad9bc9740482a2de5bd5e,branch:main).

Game began 2026-05-31 16:44:19, ended 2026-05-31 16:50:51.

DaveT, lawful male human Priest

                                    ----
                                 ----<.---
                          ----  --.......--
                         --..|---.........|
                        --...--.......|..--
                        |......-.....-----
                         -...........|
                         |........--.|
        -----     --------........--.--
        -...................@.........|
          --      -----..--o*--..>...--
                      -- ..-----.........*.
                        --     ---.....-----
                                  .....|
                                  ....--
                                   ..--
                                   ..|
                                   .--
                                   .
                                   .
                                  --
DaveT the Acolyte            St:12 Dx:9 Co:11 In:10 Wi:18 Ch:11  Lawful
Dlvl:4  $:16 HP:0(24) Pw:44(44) AC:2  Xp:3 T:867 

Latest messages:
 The door resists!
 The door opens.
 You kill the red mold!
 You see here a cursed potion of healing.
 H - a cursed potion of healing.
 You descend the stairs.
 You kill the red mold!
 You climb up the stairs.
 You hear a door open.
 This door is locked.
 This door is locked.
 This door is locked.
 This door is locked.
 This door is locked.
 This door is locked.
 In what direction? l
 As you kick the door, it crashes open!
 You kill the jackal!
 You see here a jackal corpse.
 There is a jackal corpse here; eat it? [ynq] (n) y
 This jackal corpse is stringy.
 You finish eating the jackal corpse.
 You descend the stairs.
 You see here a cursed brass lantern.
 I - a cursed brass lantern.
 You kill the gnome!
 You see here a scroll labeled TEMOV.
 J - a scroll labeled TEMOV.
 The gnome lord wields a cursed crossbow!
 The crossbow welds itself to the gnome lord's hand!
 The hobgoblin wields a curved sword!
 You kill the gnome!
 The gnome lord shoots 2 crossbow bolts!
 You are hit by the 1st crossbow bolt.
 The 2nd crossbow bolt misses you.
 You miss the hobgoblin.
 You hit the hobgoblin.
 The hobgoblin swings her curved sword.
 The hobgoblin hits!
 You hit the hobgoblin.
 The hobgoblin swings her curved sword.
 The hobgoblin hits!
 You miss the hobgoblin.
 You miss the hobgoblin.
 The hobgoblin swings her curved sword.
 The hobgoblin hits!
 You die...
 Do you want your possessions identified? [ynq] (y) y
 Do you want to see your attributes? [ynq] (y) y
 Do you want an account of creatures vanquished? [ynaq] (y) q

Inventory:
 Coins    ('$')
  $ - 16 gold pieces
 Weapons  (')')
  q - 11 +0 darts
  i - a blessed +1 orcish dagger
  p - a +0 orcish dagger
  G - a +0 silver dagger
  a - a blessed +1 mace (weapon in right hand)
 Armor    ('[')
  j - a +0 orcish helm (being worn)
  v - a +0 pair of water walking boots (being worn)
  c - a +0 small shield (being worn)
  b - a +0 robe (being worn)
  w - a +0 studded leather armor (being worn)
 Comestibles  ('%')
  e - 2 cloves of garlic
  f - a sprig of wolfsbane
 Scrolls  ('?')
  J - a scroll of enchant armor
 Potions  ('!')
  H - a cursed potion of healing
  d - 3 potions of holy water
 Tools    ('(')
  I - a cursed brass lantern
  o - a tin whistle
  y - a towel

DaveT the Priest's attributes:

Background:
 You were an Acolyte, a level 3 human Priest.
 You were lawful, on a mission for Lugh
 who was opposed by Brigit (neutral) and Manannan Mac Lir (chaotic).
 You were right-handed.
 You were in the Gnomish Mines, on level 4.
 You entered the dungeon 867 turns ago.
 There was a full moon in effect when your adventure ended.
 You had 63 experience points, 17 more were needed to attain level 4.

Basics:
 You had 0 out of 24 hit points.
 You had all 44 energy points (spell power).
 Your armor class was 2.
 Your wallet contained 16 zorkmids.
 Autopickup was off.

Final Characteristics:
 Your strength was 12 (limit:18/100).
 Your dexterity was 9 (peak:13, limit:18).
 Your constitution was 11 (limit:18).
 Your intelligence was 10 (limit:18).
 Your wisdom was 18 (limit:18).
 Your charisma was 11 (limit:18).

Final Status:
 You weren't hungry.
 You were unencumbered.
 You were wielding a mace.
 You had basic skill with mace.

Final Attributes:
 You were devoutly aligned.
 You could walk on water.
 You were guarded.
 Your spell casting was enhanced by wearing a robe.
 You were fast.
 You were lucky.
 You are dead.

Miscellaneous:
 You didn't encounter any bones levels.
 Total elapsed playing time was 6 minutes and 31 seconds.

Major events:
 Turn
    1: DaveT the lawful human Priest entered the dungeon
  600: found Sunsword in a shop
  720: attained the rank of Acolyte (level 3)
  850: entered the Gnomish Mines
  867: killed by a hobgoblin

Spells:
 Name                 Level Category     Fail Retention
 protection             1   clerical       0%  91%-100%
 cure sickness          3   healing       78%  76%-100%

Skills:
 Fighting Skills
   bare handed combat [Unskilled]
 Weapon Skills
   club               [Unskilled]
   mace               [Basic]
   morning star       [Unskilled]
   flail              [Unskilled]
   hammer             [Unskilled]
   quarterstaff       [Unskilled]
   polearms           [Unskilled]
   spear              [Unskilled]
   trident            [Unskilled]
   lance              [Unskilled]
   bow                [Unskilled]
   sling              [Unskilled]
   crossbow           [Unskilled]
   dart               [Unskilled]
   shuriken           [Unskilled]
   boomerang          [Unskilled]
   unicorn horn       [Unskilled]
 Spellcasting Skills
   healing spells     [Unskilled]
   divination spells  [Unskilled]
   clerical spells    [Basic]

Voluntary challenges:
 Character rerolling was not enabled.
 You were an atheist.
 You never genocided any monsters.
 You never polymorphed an object.
 You never changed form.
 You used no wishes.
Achievements:
 You entered a shop.
 You attained the rank of Acolyte.
 You entered the Gnomish Mines.

 The Dungeons of Doom: levels 1 to 4
    Level 1:
       Some fountains.
    Level 2:
       A general store.
    Level 3:
       Stairs down to The Gnomish Mines.
    Level 4:
 The Gnomish Mines:
    Level 4: <- You were here.
       Final resting place for
          you, killed by a hobgoblin.


Vanquished creatures:
  a yellow mold
  2 red molds
  2 gnomes
  2 geckos
  3 jackals
  a kobold
  2 goblins
  a sewer rat
  3 grid bugs
  a lichen
  a kobold zombie
  5 newts
24 creatures vanquished.

No species were genocided or became extinct.

Game over:
                       ----------
                      /          \
                     /    REST    \
                    /      IN      \
                   /     PEACE      \
                  /                  \
                  |      DaveT       |
                  |      16 Au       |
                  |   killed by a    |
                  |    hobgoblin     |
                  |                  |
                  |                  |
                  |       2026       |
                 *|     *  *  *      | *
        _________)/\\_//(\/(/\)/\//\/|_)_______

Goodbye DaveT the Priest...

You died in The Gnomish Mines on dungeon level 4 with 487 points,
and 16 pieces of gold, after 867 moves.
You were level 3 with a maximum of 24 hit points when you died.

